 Dungeon Crawl Stone Soup version 0.26-a0-660-gc07710193c (webtiles) character file.

Game seed: 5349700046680673905

8191 DogServant the Quickloader (level 11, -4/64 HPs)
             Began as a Tengu Hunter on Oct 6, 2020.
             Was a High Priest of Okawaru.
             Slain by a troll (8 damage)
             ... on level 10 of the Dungeon.
             The game lasted 00:19:27 (10389 turns).

DogServant the Quickloader (Tengu Hunter)          Turns: 10389, Time: 00:19:28

Health: -4/64      AC: 14    Str: 13    XL:     11   Next: 27%
Magic:  16/16      EV: 16    Int: 12    God:    Okawaru [*****.]
Gold:   506        SH:  0    Dex: 17    Spells: 10/10 levels left

rFire    . . .     SeeInvis .   k - +2 whip (elec)
rCold    . . .     Faith    .   (no shield)
rNeg     . . .     Spirit   .   F - +0 chain mail {MR+}
rPois    .         Reflect  .   e - +2 hat
rElec    .         Harm     .   (no cloak)
rCorr    .         Rampage  .   (no gloves)
MR       +....                  (boots unavailable)
Stlth    ..........             (no amulet)
HPRegen  0.20/turn              f - +4 ring of protection
MPRegen  0.15/turn              p - +4 ring of evasion

@: flying quickly and evasively, very slightly contaminated, invisible, quick
A: beak, talons 3, able to fly
a: Stop Flying, Heroism, Finesse, Renounce Religion


You were on level 10 of the Dungeon.
You worshipped Okawaru.
Okawaru was extremely pleased with you.
You visited 2 branches of the dungeon, and saw 13 of its levels.

You collected 828 gold pieces.
You spent 322 gold pieces at shops.

Inventory:

Hand Weapons
 k - a +2 whip of electrocution (weapon)
 o - a +5 vorpal hand crossbow
Missiles
 D - 10 silver boomerangs (quivered)
Armour
 c - a +0 leather armour
 e - a +2 hat (worn)
 F - a +0 chain mail of magic resistance (worn)
Jewellery
 f - a +4 ring of protection (left hand)
 p - a +4 ring of evasion (right hand)
Wands
 b - a wand of flame (21)
 r - a wand of polymorph (22)
 w - a wand of disintegration (8)
Scrolls
 g - a scroll of immolation
 i - 6 scrolls of identify
 j - 4 scrolls of remove curse
 l - 4 scrolls of random uselessness
 v - a scroll of fog
 y - a scroll of enchant armour
 A - a scroll of amnesia
Potions
 a - a potion of magic
 h - a potion of cancellation
 m - a potion of might
 q - 5 potions of brilliance
 s - 3 potions of flight
 t - 4 potions of curing
 u - a potion of haste
 x - a potion of stabbing
 z - 2 potions of degeneration
 C - a potion of lignification


   Skills:
 - Level 6.2 Fighting
   Level 0.9 Short Blades
 + Level 7.0 Maces & Flails
 + Level 11.1 Crossbows
 + Level 2.4 Armour
 + Level 9.9 Dodging
 - Level 1.5 Stealth
 + Level 5.8 Invocations


You had 10 spell levels left.
You didn't know any spells.
Your spell library contained the following spells:

 Spells                   Type           Power        Failure   Level
 Beastly Appendage        Tmut           #.....       100%        1
 Wereblood                Tmut           #.......     100%        2
 Confusing Touch          Hex            #.......     100%        3
 Gell's Gravitas          Tloc           #.........   100%        3
 Spider Form              Tmut/Pois      #.........   100%        3
 Ice Form                 Ice/Tmut       #.......     100%        4
 Petrify                  Tmut/Erth      #.......     100%        4
 Blade Hands              Tmut           #.........   100%        5
 Metabolic Englaciation   Hex/Ice        #.........   100%        5
 Yara's Violent Unravell  Hex/Tmut       #.........   100%        5


Dungeon Overview and Level Annotations

Branches:
Dungeon (12/15)            Temple (1/1) D:4             Orc (0/2) D:10
   Lair: D:8-11

Altars:
Ashenzari
Cheibriados
Dithmenos
Elyvilon
Fedhas
Gozag
Hepliaklqana
Kikubaaqudgha
Makhleb
Nemelex Xobeh
Okawaru
Qazlal
Ru
Sif Muna
Trog
Uskayaw
Vehumet
Wu Jian
Xom
Yredelemnul
Zin
The Shining One
Beogh

Shops:
D:4 }   D:5 (   D:7 *

Annotations:
D:6 Grinder


Innate Abilities, Weirdness & Mutations

You have a beak for a mouth.
You have claws for feet.
You can fly continuously.


Message History

You see here 2 arrows.
There is a stone staircase leading up here.
You fly upwards.
A troll comes into view.
The troll shouts!
The troll bites you.
* * * LOW HITPOINT WARNING * * *
The troll barely misses you. The troll claws you.
* * * LOW HITPOINT WARNING * * *
There is a stone staircase leading down here.
You hit the troll but do no damage. You claw the troll, but do no damage.
The troll bites you but does no damage. The troll barely misses you.
The troll completely misses you.
Your chain mail prevents you from hitting the troll.
You claw the troll. You peck the troll.
The troll is lightly wounded.
You barely miss the troll. You claw the troll, but do no damage.
The troll is lightly wounded.
The troll closely misses you. The troll misses you. The troll claws you!
You die...

##.# Z
?. .. #
##.
#######
#.....#
#.....#
#.....#
#....T#
#....@#
#+#####


You could see a troll.

Vanquished Creatures
  A hydra (D:11)
  An unseen horror (D:11)
  Pikel (D:5)
  A shadow (D:10)
  12 yaks
  Grum (D:10)
  An acid dragon (D:11)
  A hornet zombie (D:11)
  2 eyes of draining
  2 orc warriors
  2 ice beasts
  3 phantoms
  A sky beast (D:11)
  3 black bears
  4 centaurs
  2 ogres
  2 wolves (D:10)
  3 big kobolds
  A bullfrog (D:6)
  2 scorpions
  A water moccasin skeleton (D:7)
  A troll zombie (D:10)
  8 wights
  6 howler monkeys
  4 hounds
  2 jellies
  3 bullfrog skeletons
  A gnoll shaman (D:7)
  8 orc priests
  14 orc wizards
  A centaur skeleton (D:5)
  2 iguanas
  Natasha (thrice) (D:3)
  4 worker ants
  3 ogre zombies (D:10)
  A hound skeleton (D:7)
  A worker ant zombie (D:11)
  6 gnolls
  9 adders
  2 howler monkey skeletons
  An ufetubus (D:7)
  3 adder skeletons
  A worm (D:4)
  5 leopard geckos
  49 orcs
  5 bats
  5 giant cockroaches
  A goblin (D:1)
  6 hobgoblins
  11 jackals
  19 kobolds
  6 quokkas
  2 ball pythons
  3 frilled lizards
  A goblin zombie (D:10)
  A hobgoblin skeleton (D:10)
  A hobgoblin zombie (D:10)
  A leopard gecko skeleton (D:4)
  A leopard gecko zombie (D:8)
  An orc skeleton (D:10)
  12 orc zombies (D:10)
  7 rats
268 creatures vanquished.

Vanquished Creatures (others)
  An adder (D:4)
  6 plants
7 creatures vanquished.

Grand Total: 275 creatures vanquished

Notes
Turn   | Place    | Note
-------+----------+-------------------------------------------
     0 | D:1      | DogServant the Tengu Hunter began the quest for the Orb.
     0 | D:1      | Reached XP level 1. HP: 12/12 MP: 2/2
    96 | D:1      | Reached XP level 2. HP: 4/17 MP: 3/3
   599 | D:2      | Reached skill level 5 in Crossbows
   798 | D:2      | Reached XP level 3. HP: 14/21 MP: 4/4
  1173 | D:2      | Found a faded altar of an unknown god.
  1211 | D:2      | Reached skill level 1 in Armour
  1360 | D:2      | Reached XP level 4. HP: 24/26 MP: 5/5
  1605 | D:3      | Gained mutation: You can fly continuously. [Tengu growth]
  1605 | D:3      | Reached XP level 5. HP: 24/31 MP: 6/6
  1617 | D:3      | Noticed Natasha
  1624 | D:3      | Killed Natasha
  1715 | D:3      | Noticed Natasha
  1722 | D:3      | Killed Natasha
  1938 | D:3      | Found a roughly hewn altar of Beogh.
  2218 | D:3      | Reached skill level 6 in Crossbows
  2416 | D:3      | Reached XP level 6. HP: 23/37 MP: 7/7
  2552 | D:3      | Noticed Natasha
  2554 | D:3      | Killed Natasha
  3163 | D:4      | Reached XP level 7. HP: 29/42 MP: 8/8
  3465 | D:4      | Found a shadowy altar of Dithmenos.
  3574 | D:4      | Reached skill level 7 in Crossbows
  3906 | D:4      | Found Jeb Lohorgh's Gadget Shoppe.
  3964 | D:4      | Found a staircase to the Ecumenical Temple.
  4164 | Temple   | Entered the Ecumenical Temple
  4231 | Temple   | Became a worshipper of Warmaster Okawaru
  4458 | D:5      | Entered Level 5 of the Dungeon
  4502 | D:5      | Noticed Pikel
  4516 | D:5      | Killed Pikel
  4516 | D:5      | Reached * piety under Okawaru
  4516 | D:5      | Reached skill level 5 in Fighting
  4516 | D:5      | Reached XP level 8. HP: 34/50 MP: 9/9
  4662 | D:5      | Reached skill level 8 in Crossbows
  4870 | D:5      | Found a shimmering altar of Xom.
  5007 | D:5      | Found Ideoje Oriw's Weapon Emporium.
  5010 | D:5      | Bought a +5 vorpal hand crossbow for 322 gold pieces
  5435 | D:6      | Reached ** piety under Okawaru
  5461 | D:6      | Reached XP level 9. HP: 55/55 MP: 10/10
  5851 | D:6      | Noticed Grinder
  5958 | D:7      | Found a sparkling altar of Nemelex Xobeh.
  6004 | D:7      | Found a shimmering blue altar of Sif Muna.
  6040 | D:7      | Reached skill level 1 in Maces & Flails
  6091 | D:7      | Found Pyhet's General Store.
  6145 | D:7      | Reached skill level 1 in Invocations
  6537 | D:8      | Reached skill level 9 in Crossbows
  6628 | D:8      | Reached *** piety under Okawaru
  6803 | D:8      | Found a glowing golden altar of the Shining One.
  6895 | D:8      | Found a shimmering altar of Xom.
  6896 | D:8      | Found a hide-covered altar of Uskayaw.
  7649 | D:9      | Reached XP level 10. HP: 60/60 MP: 13/13
  7977 | D:9      | Reached skill level 10 in Crossbows
  7983 | D:9      | Reached **** piety under Okawaru
  7987 | D:9      | Reached skill level 5 in Maces & Flails
  8294 | D:9      | Noticed a two-headed ogre
  8303 | D:10     | Entered Level 10 of the Dungeon
  8320 | D:10     | Noticed Grum
  8336 | D:10     | Killed Grum
  8756 | D:10     | Found a staircase to the Orcish Mines.
  9328 | D:10     | Noticed a two-headed ogre
  9507 | D:11     | Reached skill level 5 in Invocations
  9510 | D:11     | Reached ***** piety under Okawaru
  9520 | D:11     | Reached XP level 11. HP: 42/64 MP: 15/15
  9535 | D:11     | Received a gift from Okawaru
  9645 | D:11     | Killed an unseen horror
  9705 | D:11     | Noticed a six-headed hydra
  9713 | D:11     | Killed a six-headed hydra
  9713 | D:11     | Reached skill level 11 in Crossbows
  9773 | D:11     | Received a gift from Okawaru
  9946 | D:11     | Found an iron altar of Okawaru.
  9951 | D:11     | Noticed a boulder beetle
 10389 | D:10     | Slain by a troll

Illustrated notes

Levels and vault maps discovered:
D:1:      onia_arrival_pyramid, layout_loops_ring, serial_rivers,
          chequers_serial_rivers_small_3, chequers_serial_rivers_small_b,
          chequers_serial_rivers_small_a, chequers_serial_rivers_room_a,
          chequers_serial_rivers_room_a, chequers_serial_rivers_large_b
D:2:      layout_rooms, chequers_ecumenical_altar_grove
D:3:      layout_loops_cross, minmay_misc_feat_pillars, kennysheep_orc_chapel,
          uniq_natasha
D:4:      layout_basic, nicolae_overflow_hidden_temple,
          minmay_temple_entry_poolview, serial_shops, nicolae_shop_stone
D:5:      layout_gridville, basic_altar, serial_shops, kennysheep_mini_moat,
          cheibrodos_gnoll_hut, uniq_pikel
D:6:      layout_rooms, lexackson_kobold_supper, uniq_grinder
D:7:      layout_rooms, lemuel_round_altar, marbit_many_paths, serial_shops,
          shop
D:8:      layout_gridville, tso_oasis_becter, gammafunk_temple_overflow_statue,
          minmay_misc_feat_roman, minmay_unpleasant_kobolds
D:9:      layout_basic, lair_entry_dummy
D:10:     layout_irregular_city, zombieorc1_lemuel, hive_lemuel, uniq_sonja,
          uniq_grum, uniq_psyche
D:11:     layout_basic, basic_altar
D:12:     layout_cave_pools, serial_shops, shop, nicolae_transmutations_shop,
          kennysheep_flooded_box, uniq_maurice
Temple:   nicolae_temple_x_marks_the_god

Skill      XL: |  1  2  3  4  5  6  7  8  9 10 11 |
---------------+----------------------------------+-----
Crossbows      | 5 6 7 8 9 10 11 | 11.1
Armour         | 1 2 |  2.4
Dodging        | 3 4 6 8 9 |  9.9
Fighting       | 3 5 6 |  6.2
Maces & Flails | 4 6 7 |  7.0
Invocations    | 3 5 |  5.8
Short Blades   | |  0.9
Stealth        | |  1.5

Action                   |  1- 3 |  4- 6 |  7- 9 | 10-12 || total
-------------------------+-------+-------+-------+-------++-------
Melee: Short sword       |    62 |    59 |    60 |       ||   181
       Kick              |     9 |    17 |    42 |    45 ||   113
       Peck              |    13 |     9 |    33 |    21 ||    76
       Whip              |       |       |    99 |   127 ||   226
 Fire: Hand crossbow     |    24 |    62 |   209 |   151 ||   446
Throw: Boomerang         |       |       |       |    34 ||    34
 Abil: Fly               |       |     1 |       |       ||     1
Evoke: Wand              |       |       |       |     5 ||     5
  Use: Scroll            |     5 |     3 |    10 |     8 ||    26
       Potion            |     1 |       |     3 |     3 ||     7
 Stab: Sleeping          |     1 |       |       |       ||     1
       Distracted        |       |       |     1 |       ||     1
Armor: Leather armour    |    25 |    26 |    47 |     1 ||    99
       Chain mail        |       |       |       |    93 ||    93
Dodge: Dodged            |    50 |    77 |   272 |   137 ||   536

Table legend: (Time is in decaauts)
 A = Elapsed time spent in this place.
 B = Non-inter-level travel time spent in this place.
 C = Inter-level travel time spent in this place.
 D = Time resting spent in this place.
 E = Time spent auto-exploring this place.
 F = Levels seen in this place.
 G = Mean time per level.
                   A        B        C        D        E       F      G
               +--------+--------+--------+--------+--------+-----+--------+
         Total |  10027 |   9713 |    314 |   1564 |   6299 |  13 |  771.3 |
       Dungeon |   9962 |   9652 |    310 |   1564 |   6254 |  12 |  830.2 |
        Temple |     64 |     61 |      3 |      0 |     45 |   1 |   64.0 |
               +--------+--------+--------+--------+--------+-----+--------+

Top non-repeatable levels by time:
     D:3: 1419 daAuts
     D:4: 1357 daAuts
    D:10: 1067 daAuts
     D:2: 1030 daAuts
     D:8: 1020 daAuts
    D:11: 939 daAuts
     D:5: 860 daAuts
     D:9: 723 daAuts
     D:7: 544 daAuts
     D:1: 533 daAuts
     D:6: 463 daAuts
  Temple: 64 daAuts
    D:12: 3 daAuts
